 Dungeon Crawl Stone Soup version 0.18.1-5-g4a78601 (webtiles) character file.

1382 M4edhros the Martial Artist (level 8, -2/53 HPs)
             Began as an Octopode Necromancer on May 12, 2016.
             Was a Priest of Cheibriados.
             Slain by a gnoll sergeant
             ... wielding a +0 spear of piercing
              (3 damage)
             ... on level 9 of the Dungeon.
             The game lasted 00:18:43 (3083 turns).

M4edhros the Martial Artist (Octopode Necromancer)  Turns: 3083, Time: 00:18:44

Health: -2/53      AC:  2    Str: 15    XL:     8   Next: 67%
Magic:  9/11       EV: 25    Int: 26    God:    Cheibriados [***...]
Gold:   154        SH:  0    Dex: 27    Spells: 4 memorised, 3 levels left

rFire  . . .     SeeInvis .       - Unarmed
rCold  . . .     Gourm    .     (shield currently unavailable)
rNeg   . . .     Faith    .     (helmet currently unavailable)
rPois  .         Spirit   .     F - amulet of dismissal
rElec  .         Dismiss  +     f - ring of poison resistance
rCorr  .         Reflect  .     (no ring)
SustAt .         Harm     .     (no ring)
MR     .....                    (no ring)
Stlth  +++.......               (no ring)
                                (no ring)
                                (no ring)
                                (no ring)

@: spider-form (expiring), very slow, not resistant to hostile enchantments,
fairly stealthy
A: almost no armour, (amphibious), 8 rings, (constrict 8), (camouflage 0),
(gelatinous body 0)
a: End Transformation, Bend Time, Temporal Distortion, Renounce Religion


You were on level 9 of the Dungeon.
You worshipped Cheibriados.
Cheibriados was most pleased with you.
You were very hungry.
You were a venomous arachnid creature.
You visited 2 branches of the dungeon, and saw 10 of its levels.

You collected 250 gold pieces.
You spent 96 gold pieces at shops.

Inventory:

Hand Weapons
 h - a +1 blowgun
 n - the +7 long sword "Jellybane" {slice, SInv}
   (You found it on level 6 of the Dungeon)

   It inflicts extra damage upon your enemies.
   It lets you see invisible.
 x - a +0 hunting sling
Missiles
 e - 3 tomahawks (quivered)
 l - 8 poisoned needles
 o - 3 javelins
 A - 72 stones
Jewellery
 f - a ring of poison resistance (left front leg)
 F - an amulet of dismissal (around neck)
Wands
 B - a wand of paralysis (4/24)
 E - a wand of slowing (20/48)
 I - a wand of iceblast (4/15)
Scrolls
 g - a scroll of enchant armour
 i - a scroll of remove curse
 m - 3 scrolls of amnesia
 q - 2 scrolls of fog
 u - 4 scrolls of random uselessness
 v - 2 scrolls of teleportation
 y - a scroll of immolation
Potions
 c - a potion of flight
 H - a potion of curing
Books
 a - a book of Necromancy

   Spells                             Type                      Level
   a - Pain                           Necromancy                   1
   b - Animate Skeleton               Necromancy                   1
   c - Vampiric Draining              Necromancy                   3
   d - Regeneration                   Charms/Necromancy            3
   e - Animate Dead                   Necromancy                   4
   f - Control Undead                 Necromancy                   4
 s - a book of Envenomations

   Spells                             Type                      Level
   a - Spider Form                    Transmutation/Poison         3
   b - Olgreb's Toxic Radiance        Poison                       4
   c - Alistair's Intoxication        Transmutation/Poison         5
   d - Poisonous Cloud                Conjuration/Poison/Air       6
 t - a book of the Tempests

   Spells                             Type                      Level
   a - Static Discharge               Conjuration/Air              3
   b - Lightning Bolt                 Conjuration/Air              5
   c - Fireball                       Conjuration/Fire             5
   d - Tornado                        Air                          9
   e - Shatter                        Earth                        9
 z - a book of Frost

   Spells                             Type                      Level
   a - Freeze                         Ice                          1
   b - Throw Frost                    Conjuration/Ice              2
   c - Ozocubu's Armour               Charms/Ice                   3
   d - Throw Icicle                   Conjuration/Ice              4
   e - Summon Ice Beast               Ice/Summoning                4
Comestibles
 b - 3 bread rations
 d - 3 fruits
 k - a slice of pizza
 p - 6 meat rations
 r - 2 beef jerkies


   Skills:
 + Level 3.6 Fighting
 + Level 4.1 Dodging
 - Level 2.6 Stealth
 + Level 8.8 Unarmed Combat
 - Level 2.0 Spellcasting
 - Level 4.0 Necromancy


You had 3 spell levels left.
You knew the following spells:

 Your Spells              Type           Power        Failure   Level  Hunger
a - Pain                  Necr           ###.         8%          1    None
b - Animate Skeleton      Necr           N/A          8%          1    None
c - Spider Form           Trmt/Pois      #.........   52%         3    ###....
r - Regeneration          Chrm/Necr      ##........   32%         3    ###....


Dungeon Overview and Level Annotations

Branches:
Dungeon (9/15)             Temple (1/1) D:4
   Lair: D:8-11         Orc: D:9-12

Altars:
Ashenzari
Cheibriados
Dithmenos
Elyvilon
Makhleb
Nemelex Xobeh
Pakellas
Sif Muna
Trog
Xom
Yredelemnul
Zin
The Shining One

Shops:
D:5 !

Annotations:
D:8 Joseph


Innate Abilities, Weirdness & Mutations

You cannot wear most types of armour.
((You are amphibious.))
You can wear up to eight rings at the same time.
((You can use your tentacles to constrict eight enemies at once.))
((Your skin changes colour to match your surroundings (Stealth).))
((Your rubbery body absorbs attacks (AC +1).))


Message History

Unknown command.
Unknown command.
You hit the gnoll sergeant.
The gnoll sergeant is lightly wounded.
The gnoll sergeant hits you with a spear of piercing.
* * * LOW HITPOINT WARNING * * *
x2 The gnoll barely misses you.
Unknown command.
Unknown command.
You hit the gnoll sergeant.
The gnoll sergeant is lightly wounded.
The gnoll sergeant completely misses you.
The gnoll barely misses you.
Unknown command.
Unknown command.
You hit the gnoll sergeant.
The gnoll sergeant is poisoned.
The gnoll sergeant is moderately wounded.
The gnoll sergeant hits you with a spear of piercing!
* * * LOW HITPOINT WARNING * * *
You die...

### #.. #.# #
#.#.# . ##.#.#
... ....
....#####.#
.........s#####
.####...)gg..!#
#.#####.###
#....# # ####.#
#<# ###


You could see a gnoll sergeant and a gnoll.

Vanquished Creatures
  2 sky beasts (D:6)
  An ice beast (D:8)
  2 ogres
  A centaur (D:5)
  A big kobold (D:5)
  3 giant frogs
  A crimson imp (D:7)
  A hound (D:6)
  A jelly (D:7)
  2 orc priests (D:8)
  A giant frog skeleton (D:7)
  A gnoll shaman (D:7)
  An iguana (D:5)
  An orc wizard (D:8)
  3 worker ants
  A howler monkey zombie (D:8)
  A worker ant zombie (D:6)
  Robin (D:4)
  6 gnolls
  5 adders
  A river rat (D:5)
  An ooze (D:2)
  2 adder skeletons
  A worm (D:5)
  A dart slug (D:3)
  3 giant geckos
  12 orcs
  3 bats
  4 giant cockroaches (D:2)
  17 goblins
  11 hobgoblins
  4 giant newts
  14 kobolds
  4 rats
114 creatures vanquished.

Vanquished Creatures (collateral kills)
  A hound (D:7)
  2 goblins
  A kobold (D:5)
4 creatures vanquished.

Grand Total: 118 creatures vanquished

Notes
Turn   | Place    | Note
--------------------------------------------------------------
     0 | D:1      | M4edhros the Octopode Necromancer began the quest for the Orb.
     0 | D:1      | Reached XP level 1. HP: 11/11 MP: 3/3
   113 | D:1      | Reached skill level 1 in Unarmed Combat
   125 | D:2      | Reached XP level 2. HP: 8/17 MP: 3/5
   160 | D:2      | Found a glowing silver altar of Zin.
   162 | D:2      | Reached skill level 2 in Unarmed Combat
   175 | D:2      | Learned a level 1 spell: Animate Skeleton
   244 | D:2      | Found an oddly glowing altar of Pakellas.
   306 | D:2      | Reached XP level 3. HP: 8/21 MP: 2/6
   311 | D:2      | Learned a level 3 spell: Regeneration
   374 | D:3      | Found a sparkling altar of Nemelex Xobeh.
   509 | D:3      | Reached skill level 3 in Unarmed Combat
   639 | D:4      | Found a staircase to the Ecumenical Temple.
   647 | Temple   | Entered the Ecumenical Temple
   671 | Temple   | Became a worshipper of Cheibriados the Contemplative
   722 | D:4      | Reached XP level 4. HP: 3/27 MP: 7/7
   762 | D:4      | Reached skill level 4 in Unarmed Combat
   834 | D:3      | Noticed Robin
   892 | D:4      | Killed Robin
   911 | D:4      | Reached XP level 5. HP: 25/31 MP: 3/8
   926 | D:3      | Reached * piety under Cheibriados
  1043 | D:5      | Entered Level 5 of the Dungeon
  1108 | D:5      | Reached skill level 5 in Unarmed Combat
  1280 | D:5      | Found Haytitt's Distillery.
  1283 | D:5      | Bought a potion of lignification for 36 gold pieces
  1283 | D:5      | Bought a potion of heal wounds for 60 gold pieces
  1305 | D:5      | Found a deep blue altar of Sif Muna.
  1354 | D:5      | Noticed an ogre
  1360 | D:5      | Noticed a big kobold
  1375 | D:5      | Killed an ogre
  1375 | D:5      | Reached XP level 6. HP: 36/36 MP: 9/9
  1378 | D:5      | Reached skill level 6 in Unarmed Combat
  1382 | D:5      | Reached ** piety under Cheibriados
  1555 | D:5      | Found a glowing drain.
  1612 | D:5      | Reached skill level 7 in Unarmed Combat
  1612 | D:5      | Reached XP level 7. HP: 25/41 MP: 10/10
  1637 | D:5      | caus of my stupidity, drain just fell apart.... i ate food instead of entering it, and i lacked 1 turn..
  1752 | D:5      | Reached *** piety under Cheibriados
  1876 | D:5      | Found a shattered altar of Ashenzari.
  1980 | D:6      | Gained mutation: Your flesh is cold resistant. [mutagenic meat]
  1981 | D:6      | Gained mutation: Your magical capacity is low (-10% MP). [mutagenic meat]
  1982 | D:6      | Gained mutation: You tend to lose your temper in combat. [mutagenic meat]
  1983 | D:6      | Gained mutation: Your spells are a little easier to cast, but a little less powerful. [mutagenic meat]
  2012 | D:6      | Got a bloodstained long sword
  2013 | D:6      | Identified the +7 long sword "Jellybane" {slice, SInv} (You found it on level 6 of the Dungeon)
  2104 | D:6      | Learned a level 3 spell: Spider Form
  2140 | D:6      | Learned a level 3 spell: Regeneration
  2188 | D:6      | Reached skill level 1 in Fighting
  2199 | D:6      | Reached skill level 8 in Unarmed Combat
  2278 | D:7      | Reached XP level 8. HP: 50/50 MP: 9/9
  2360 | D:7      | HP: 2/50 [gnoll/flail (13)]
  2934 | D:8      | Lost mutation: You tend to lose your temper in combat. [potion of cure mutation]
  2934 | D:8      | Lost mutation: Your flesh is cold resistant. [potion of cure mutation]
  2934 | D:8      | Lost mutation: Your magical capacity is low (-10% MP). [potion of cure mutation]
  2934 | D:8      | Lost mutation: Your spells are a little easier to cast, but a little less powerful. [potion of cure mutation]
  2940 | D:8      | Noticed Joseph
  3083 | D:9      | HP: 1/53 [gnoll sergeant/spear of piercing (12)]
  3083 | D:9      | Slain by a gnoll sergeant

Skill      XL: |  1  2  3  4  5  6  7  8 |
---------------+-------------------------+-----
Unarmed Combat | 1 2 3 4 5 7 8 |  8.8
Fighting       | 1 3 |  3.6
Dodging        | 4 |  4.1
Stealth        | |  2.6
Spellcasting   | |  2.0
Necromancy     | |  4.0

Action                   |  1- 3 |  4- 6 |  7- 9 || total
-------------------------+-------+-------+-------++-------
Melee: Unarmed           |    31 |   113 |    52 ||   196
       Tentacles         |     7 |    21 |    26 ||    54
       Constrict         |     7 |    29 |    23 ||    59
       Punch             |     1 |     7 |     4 ||    12
       Long sword        |       |       |    54 ||    54
 Fire: Blowgun           |       |       |    14 ||    14
Throw: Tomahawk          |       |     2 |     1 ||     3
 Cast: Pain              |    18 |     6 |       ||    24
       Animate Skeleton  |     4 |     6 |     9 ||    19
       Regeneration      |     3 |    16 |    27 ||    46
       Spider Form       |       |       |     1 ||     1
Invok: Temporal Distorti |       |       |     1 ||     1
Evoke: Wand              |       |       |     5 ||     5
  Use: Potion            |       |     6 |     6 ||    12
       Scroll            |       |     1 |    12 ||    13
 Stab: Sleeping          |     3 |     3 |     7 ||    13
       Invisible         |       |     5 |       ||     5
       Paralysed         |       |       |     2 ||     2
       Distracted        |       |       |     1 ||     1
  Eat: Chunk             |       |     5 |     7 ||    12
       Royal jelly       |       |       |     1 ||     1
Armor: Skin              |     2 |    34 |     7 ||    43
Dodge: Dodged            |    13 |    85 |    85 ||   183
